 Dungeon Crawl Stone Soup version 0.27-a0-1612-gde56a17b89 (webtiles) character file.

Game seed: 5211541402455440628

51 robertstho the Skirmisher (level 3, -2/34 HPs)
             Began as a Hill Orc Fighter on July 21, 2021.
             Slain by an adder (3 damage)
             ... on level 2 of the Dungeon.
             The game lasted 00:01:30 (1669 turns).

robertstho the Skirmisher (Hill Orc Fighter)        Turns: 1669, Time: 00:01:31

Health: -2/34      AC:  7    Str: 19    XL:     3   Next: 81%
Magic:  3/3        EV: 11    Int:  8    God:
Gold:   32         SH:  9    Dex: 10    Spells: 2/2 levels left

rFire    . . .     SeeInvis .   a - +0 war axe
rCold    . . .     Faith    .   c - +0 kite shield
rNeg     . . .     Spirit   .   b - +0 scale mail
rPois    .         Reflect  .   (no helmet)
rElec    .         Harm     .   (no cloak)
rCorr    .         Rampage  .   (no gloves)
Will     .....                  (no boots)
Stlth    ..........             (no amulet)
HPRegen  0.11/turn              g - +4 ring of evasion
MPRegen  0.08/turn              (no ring)

@: mighty, brilliant, lethally poisoned (-2 -> -4)
A: no striking features
a: no special abilities


You were on level 2 of the Dungeon.
You visited 1 branch of the dungeon, and saw 2 of its levels.

You collected 32 gold pieces.

Inventory:

Hand Weapons
 a - a +0 war axe (weapon)
Armour
 b - a +0 scale mail (worn)
 c - a +0 kite shield (worn)
Jewellery
 g - a +4 ring of evasion (left hand)
Scrolls
 f - 3 scrolls of enchant armour {unknown}
 h - a scroll of summoning {unknown}
Potions
 e - a potion of brilliance


   Skills:
 * Level 4.6 Fighting
 + Level 3.0 Axes
 * Level 3.8 Armour
 + Level 3.6 Shields


You had 2 spell levels left.
You didn't know any spells.
Your spell library contained the following spells:

 Spells                   Type           Power      Damage    Failure   Level
 Ensorcelled Hibernation  Hex/Ice        0%         N/A       100%        2
 Spider Form              Tmut/Pois      0%         N/A       100%        3
 Shadow Creatures         Summ           N/A        N/A       100%        6


Dungeon Overview and Level Annotations

Branches:
Dungeon (2/15)

Altars:


Message History

You are too injured to fight recklessly!
You are too injured to fight recklessly!
You closely miss the adder.
The adder is severely wounded.
You feel very sick. The adder completely misses you. The adder misses you.
You miss the adder.
The adder is heavily wounded.
Your shield prevents you from hitting the rat.
You feel sick. You block the adder's attack. You block the rat's attack.
The adder closely misses you.
You miss the adder.
The adder is heavily wounded.
You closely miss the rat.
You feel sick. The rat misses you. The adder closely misses you.
The adder barely misses you. The rat barely misses you.
You feel very mighty all of a sudden.
You feel sick. You block the adder's attack. You block the rat's attack.
You miss the adder.
The adder is heavily wounded.
You barely miss the rat.
You feel sick.
You are no longer poisoned.
The adder bites you but does no damage. The rat barely misses you.
The adder bites you.
* * * LOW HITPOINT WARNING * * *
You are lethally poisoned!
The adder poisons you!
It was a potion of brilliance.
You feel clever all of a sudden.
* * * LOW HITPOINT WARNING * * *
You feel sick. The adder bites you but does no damage.
You block the rat's attack. The adder bites you but does no damage.
Okay, then.
* * * LOW HITPOINT WARNING * * *
You feel sick.
You hit the rat.
You kill the rat!
* * * LOW HITPOINT WARNING * * *
You feel sick. The adder bites you.
You die...

##.... ##########
#.... ..)......# #..#
########.######..##
##................#
...........###.#..#
.......#.#.# #.#.†#
.≈≈⌠≈⌠.#.#.# #.#..#
.....⌠...#.# #..@)#
####.⌠...... #.##S# .
#.≈...........#.......
## #.≈.###.#.#...
$#####. . ....... ..
........ .## #.#..#.#
.. #..#. .. #. ## ##


You could see an adder.

Vanquished Creatures
  An adder (D:2)
  2 dart slugs (D:1)
  A worm (D:2)
  4 ball pythons (D:1)
  2 endoplasms (D:2)
  A giant cockroach (D:1)
  3 goblins
  2 hobgoblins (D:1)
  3 jackals (D:2)
  2 quokkas
  4 bats (D:1)
  5 frilled lizards
  A kobold (D:1)
  4 rats
35 creatures vanquished.

Vanquished Creatures (others)
  A fungus (D:2)
  A plant (D:2)
2 creatures vanquished.

Grand Total: 37 creatures vanquished

Notes
Turn   | Place    | Note
-------+----------+-------------------------------------------
     0 | D:1      | robertstho the Hill Orc Fighter began the quest for the
                  | Orb.
     0 | D:1      | Reached XP level 1. HP: 19/19 MP: 1/1
   255 | D:1      | Reached skill level 4 in Fighting
   255 | D:1      | Reached XP level 2. HP: 27/27 MP: 2/2
   821 | D:1      | Reached XP level 3. HP: 27/34 MP: 3/3
  1669 | D:2      | HP: 1/34 [poisoned by an adder]
  1669 | D:2      | Slain by an adder

Illustrated notes

Levels and vault maps discovered:
D:1:      dpeg_arrival_arbitrary_a, layout_loops_corners, kennysheep_flooded_box
D:2:      layout_loops_ring, shapermc_ecumenical_altar_acropolis, st_stairs_10,
          uniq_jessica, uniq_crazy_yiuf_cottage, uniq_sigmund

Skill      XL: |  1  2  3 |
---------------+----------+-----
Fighting       | 4 |  4.6
Axes           | 3 |  3.0
Armour         | |  3.8
Shields        | |  3.6

Action                   || total
-------------------------++-------
Melee: War axe           ||   115
  Use: Potion            ||     2
Armor: Scale mail        ||    61
Dodge: Dodged            ||    67
Block: Kite shield       ||    85

Table legend: (Time is in decaauts)
 A = Elapsed time spent in this place.
 B = Non-inter-level travel time spent in this place.
 C = Inter-level travel time spent in this place.
 D = Time resting spent in this place.
 E = Time spent auto-exploring this place.
 F = Levels seen in this place.
 G = Mean time per level.
                   A        B        C        D        E       F      G
               +--------+--------+--------+--------+--------+-----+--------+
         Total |   1736 |   1674 |     62 |      0 |   1398 |   2 |  868.0 |
       Dungeon |   1736 |   1674 |     62 |      0 |   1398 |   2 |  868.0 |
               +--------+--------+--------+--------+--------+-----+--------+

Top non-repeatable levels by time:
     D:1: 1398 daAuts
     D:2: 337 daAuts
